 Dungeon Crawl Stone Soup version 0.25-a0-35-g747a2b3c0c (webtiles) character file.

Game seed: 3074005951244474365, levelgen mode: deterministic

494 Esekla the Magician (level 6, -1/32 HPs)
             Began as a Deep Elf Wizard on Oct 19, 2019.
             Slain by a bullfrog (8 damage)
             ... on level 6 of the Dungeon.
             The game lasted 00:38:34 (3008 turns).

Esekla the Magician (Deep Elf Wizard)               Turns: 3008, Time: 00:38:35

Health: -1/32      AC:  2    Str:  6    XL:     6   Next: 92%
Magic:  5/17       EV: 13    Int: 23    God:
Gold:   153        SH:  7    Dex: 13    Spells: 8/17 levels left

rFire    . . .     SeeInvis .   j - +4 dagger
rCold    . . .     Gourm    +   n - +3 buckler
rNeg     . . .     Faith    .   a - +0 robe
rPois    .         Spirit   .   b - +0 hat
rElec    .         Reflect  .   D - scarf {repulsion}
rCorr    .         Harm     .   (no gloves)
MR       .....                  (no boots)
Stlth    ++........             p - amulet of the gourmand
HPRegen  0.10/turn              (no ring)
MPRegen  0.15/turn              F - ring of wizardry

@: repel missiles
A: no striking features
a: no special abilities


You were on level 6 of the Dungeon.
You were not hungry.

You visited 1 branch of the dungeon, and saw 5 of its levels.

You collected 153 gold pieces.

Inventory:

Hand Weapons
 f - a +4 whip
 j - a +4 dagger (weapon)
 B - a +0 dagger of venom
 C - a +0 long sword
Missiles
 o - 18 poisoned darts (quivered)
 v - 10 boomerangs
 H - 2 silver javelins
Armour
 a - a +0 robe (worn)
 b - a +0 hat (worn)
 n - a +3 buckler (worn)
 D - a scarf of repulsion (worn)
Jewellery
 p - an amulet of the gourmand (around neck)
 E - an uncursed ring of protection from cold
 F - a ring of wizardry (right hand)
Wands
 y - a wand of acid (13)
Scrolls
 c - 2 scrolls of random uselessness
 e - 6 scrolls of remove curse
 g - 6 scrolls of identify
 t - a scroll of enchant weapon {unknown}
 u - 2 scrolls of amnesia
 w - 4 scrolls of enchant armour
Potions
 h - 3 potions of haste
 l - a potion of might {unknown}
 m - a potion of agility {unknown}
 q - a potion of mutation {unknown}
 s - 2 potions of cancellation
 z - a potion of lignification {unknown}
 A - a potion of degeneration {unknown}
 G - 2 potions of ambrosia {unknown}
Comestibles
 d - 5 rations


   Skills:
 * Level 2.1 Short Blades
 + Level 3.1 Dodging
 + Level 3.1 Stealth
 * Level 1.5 Shields
 + Level 6.2 Spellcasting
 * Level 3.8 Conjurations
   Level 1.1 Summonings
 + Level 1.8 Translocations
 * Level 2.1 Air Magic
 * Level 1.8 Poison Magic


You had 8 spell levels left.
You knew the following spells:

 Your Spells              Type           Power        Failure   Level  Hunger
a - Magic Dart            Conj           ####         1%          1    None
b - Blink                 Tloc           N/A          3%          2    None
c - Mephitic Cloud        Conj/Pois/Air  ###.....     4%          3    #......
f - Conjure Flame         Conj/Fire      ###.....     6%          3    #......

Your spell library contained the following spells:

 Spells                   Type           Power        Failure   Level  Hunger
 Call Imp                 Summ           ##......     4%          2    None
 Slow                     Hex            #.......     7%          2    None


Dungeon Overview and Level Annotations

Branches:
Dungeon (4/15)             Temple (0/1) D:6

Altars:


Message History

Found a ration.
As you read the scroll of fear, it crumbles to dust.
You assume a fearsome visage.
The bullfrog looks frightened!
A centaur skeleton comes into view.
You block the leopard gecko zombie's attack.
Casting: Blink (safe; 3% risk of failure)
Confirm with . or Enter, or press ? or * to list all spells.
You blink.
Okay, then.
The bullfrog misses you. You block the bullfrog's attack.
The crimson imp shouts!
The bullfrog hits you.
* * * LOW HITPOINT WARNING * * *
The crimson imp blinks!
The bullfrog hits you but does no damage.
The bullfrog skeleton misses you. The bullfrog closely misses you.
The bullfrog skeleton misses you. The bullfrog hits you!
You die...

#######..........5..#.....#
#..#.###.........#..##..###
#....##..............##...#
##....#.......#......##...##
##............##5..#..##...#
....#......#.......#...#...#
....##$...###Z.##..........# ###
.....#(........Z#.........#####.#
...............F@...........).#..
#...............#........(....).=
##..............#............##.#
..........#.............#.#######
#........##.............###
.........#...............##
#........Z?...............#
.$####.....##...........c.### .##
....#............5.....##


You could see a bullfrog, a leopard gecko zombie, a bullfrog skeleton and a
centaur skeleton (wandering).

Vanquished Creatures
  An orc warrior (D:6)
  Blork the orc (D:4)
  A bullfrog (D:6)
  A centaur skeleton (D:6)
  3 orc wizards
  3 adders
  3 gnolls
  An ooze (D:1)
  A worm (D:2)
  A dart slug (D:3)
  A leopard gecko (D:1)
  10 orcs
  2 ball pythons
  3 giant cockroaches
  8 goblins
  7 hobgoblins
  13 jackals
  10 kobolds
  8 bats
  3 frilled lizards
  9 rats
90 creatures vanquished.

Notes
Turn   | Place    | Note
-------+----------+-------------------------------------------
     0 | D:1      | Esekla the Deep Elf Wizard began the quest for the Orb.
     0 | D:1      | Reached XP level 1. HP: 10/10 MP: 7/7
   274 | D:1      | Reached XP level 2. HP: 15/15 MP: 5/9
   302 | D:1      | Reached skill level 5 in Spellcasting
   317 | D:1      | Learned a level 2 spell: Blink
   532 | D:1      | Reached XP level 3. HP: 17/19 MP: 5/11
   865 | D:2      | Learned a level 3 spell: Mephitic Cloud
   869 | D:2      | Learned a level 3 spell: Conjure Flame
   895 | D:2      | Reached XP level 4. HP: 24/24 MP: 7/13
  1454 | D:2      | Reached XP level 5. HP: 23/28 MP: 9/15
  1940 | D:3      | Reached skill level 1 in Poison Magic
  2075 | D:3      | Reached skill level 1 in Short Blades
  2200 | D:3      | Reached skill level 1 in Shields
  2450 | D:3      | Reached skill level 1 in Air Magic
  2618 | D:4      | Noticed Blork the orc
  2631 | D:4      | Killed Blork the orc
  2631 | D:4      | Reached skill level 6 in Spellcasting
  2683 | D:4      | Reached XP level 6. HP: 19/32 MP: 11/17
  2813 | D:4      | You fall into a shaft and drop 2 floors!
  2851 | D:6      | Noticed an orc warrior
  2891 | D:6      | Killed an orc warrior
  2940 | D:6      | Found a staircase to the Ecumenical Temple.
  2943 | D:6      | HP: 1/32 [bullfrog skeleton (1)]
  3008 | D:6      | Slain by a bullfrog

Levels and vault maps discovered:
D:1:      nzn_arrival_crosshair, layout_rooms, serial_forest,
          infiniplex_forest_straight_4, infiniplex_forest_clump_double,
          infiniplex_forest_straight_2, infiniplex_forest_clump_diagonal,
          infiniplex_forest_lined_1, infiniplex_forest_fountain,
          infiniplex_forest_clump_medium, infiniplex_forest_lined_3_way,
          infiniplex_forest_clump_medium
D:2:      layout_basic, minmay_misc_feat_square
D:3:      layout_loops_cross, first_ration
D:4:      layout_basic, uniq_blork_the_orc
D:6:      layout_cave_pools, minmay_temple_entry_hall, ebering_ghost_gozag

Skill      XL: |  1  2  3  4  5  6 |
---------------+-------------------+-----
Spellcasting   | 5 6 |  6.2
Conjurations   | 2 3 |  3.8
Dodging        | 3 |  3.1
Poison Magic   | 1 |  1.8
Short Blades   | 1 2 |  2.1
Shields        | 1 |  1.5
Air Magic      | 1 2 |  2.1
Stealth        | 3 |  3.1
Summonings     | |  1.1
Translocations | |  1.8

Action                   |  1- 3 |  4- 6 || total
-------------------------+-------+-------++-------
Melee: Whip              |     2 |       ||     2
       Dagger            |    31 |   101 ||   132
Throw: Dart              |     1 |    11 ||    12
 Cast: Magic Dart        |    47 |    81 ||   128
       Mephitic Cloud    |     1 |     9 ||    10
       Blink             |       |    12 ||    12
  Use: Scroll            |       |    10 ||    10
       Potion            |       |     1 ||     1
 Stab: Confused          |       |     3 ||     3
       Sleeping          |       |     2 ||     2
  Eat: Chunk             |       |     9 ||     9
Armor: Robe              |     6 |    11 ||    17
Dodge: Dodged            |    20 |    52 ||    72
Block: Buckler           |     1 |    26 ||    27

Table legend:
 A = Non-vault XP
 B = Vault XP
 C = Vault XP percentage of total XP
 D = Non-vault monster count
 E = Vault monster count
 F = Vault count percentage of total count
                 A         B        C        D         E       F
            +---------+---------+-------+---------+---------+-------
      Total |     610 |      96 |  13.6 |      89 |       1 |   1.1
            +---------+---------+-------+---------+---------+-------
        D:1 |     111 |       0 |   0.0 |      29 |       0 |   0.0
        D:2 |     113 |       0 |   0.0 |      22 |       0 |   0.0
        D:3 |      57 |       0 |   0.0 |      29 |       0 |   0.0
        D:4 |      14 |      96 |  87.3 |       2 |       1 |  33.3
        D:6 |     315 |       0 |   0.0 |       7 |       0 |   0.0
            +---------+---------+-------+---------+---------+-------
